cohdb
Replays
Latest Replays
All Replays
Popular Replays
Top Player Replays
Match Explorer
How It Works
Community
CoH3 Stats
Reddit
Sign in to upload your games and track your stats! →
Sign in with Steam
Match 46909031
Unlisted
Match 46909031
Overview
Messages
Build Orders
End
Royal Engineer Section
Construct Section Command Post
Dingo Light Scout Car
Dingo Light Scout Car
Vickers Machine Gun Team
Infantry Section
Vickers Machine Gun Team
Construct Platoon Command Post
6-pounder Anti-tank Gun Team
Selects Heavy Armor Battlegroup
Infantry Section
6-pounder Anti-tank Gun Team
Construct Company Command Post
Selects Rigorous Vehicle Training
Selects Forward Repair Assembly
Matilda II Heavy Tank
Foot Guards Section
Foot Guards Section
Mowgli01
Rowen
francois
darkGweni
AhmedMousa
Elbehiri
KHALIFA-MHR
Zingo Elzengy
0
0
Comments
sign in to comment!
No comments posted yet!